| TOP OF THE 1ST |
|
Dunedin Rangers batting - Pitching for Tampa Twisters : RHP Jeffrey Parks
|
|
Pitching: RHP Jeffrey Parks
|
|
|
Batting: RHB Jacob Brumfield
|
0-0: Swinging Strike 0-1: Ball 1-1: Ball 2-1: Called Strike 2-2: Foul Ball, location: 2F 2-2: Strikes out swinging
|
|
Batting: LHB Mike L Hart
|
0-0: Ball 1-0: Swinging Strike 1-1: Ball 2-1: Ground out 5-3 (Groundball, 56, EV 79.4 MPH)
|
|
Batting: LHB David Thielker
|
0-0: Called Strike 0-1: Ball 1-1: Foul Ball, location: 2F 1-2: Ground out 5-3 (Groundball, 5, EV 101.3 MPH)
|
| Top of the 1st over - 0 runs, 0 hits, 0 errors, 0 left on base; Dunedin 0 - Tampa 0 |
| BOTTOM OF THE 1ST |
|
Tampa Twisters batting - Pitching for Dunedin Rangers : LHP Tom Epple
|
|
Pitching: LHP Tom Epple
|
|
|
Batting: RHB John Hotchkiss
|
0-0: Ball 1-0: Foul Ball, location: 2F 1-1: DOUBLE (Flyball, 89D, EV 100.6 MPH)
|
|
Batting: RHB Andres Thomas
|
0-0: Called Strike 0-1: Ground out 4-3 (Groundball, 4, EV 100.0 MPH) John Hotchkiss to third
|
|
Batting: RHB Basil Tennell
|
0-0: Called Strike 0-1: Ground out 4-3 (Groundball, 4, EV 80.0 MPH) John Hotchkiss scores
|
|
Batting: LHB Jose Tolentino
|
0-0: Ball 1-0: Ball 2-0: Foul Ball, location: 2F 2-1: Ground out 4-3 (Groundball, 34D, EV 107.5 MPH)
|
| Bottom of the 1st over - 1 run, 1 hit, 0 errors, 0 left on base; Dunedin 0 - Tampa 1 |
| TOP OF THE 2ND |
|
Dunedin Rangers batting - Pitching for Tampa Twisters : RHP Jeffrey Parks
|
|
Batting: RHB Glenn Wilson
|
0-0: Foul Ball, location: 2F 0-1: Ball 1-1: Foul Ball, location: 2F 1-2: Strikes out swinging
|
|
Batting: LHB Ty Van Burkleo
|
0-0: Fly out, F8 (Line Drive, 8RM, EV 91.3 MPH)
|
|
Batting: RHB Edgar Martinez
|
0-0: Ball 1-0: Ball 2-0: Called Strike 2-1: Foul Ball, location: 2F 2-2: Ball 3-2: Base on Balls
|
|
Batting: RHB Mike Taylor
|
0-0: Ball Edgar Martinez is caught stealing 2nd base 2-4
|
| Top of the 2nd over - 0 runs, 0 hits, 0 errors, 0 left on base; Dunedin 0 - Tampa 1 |
| BOTTOM OF THE 2ND |
|
Tampa Twisters batting - Pitching for Dunedin Rangers : LHP Tom Epple
|
|
Batting: RHB Benito Santiago
|
0-0: Ball 1-0: Reaches on Catchers interference
|
|
Batting: LHB John Randolph
|
0-0: Called Strike 0-1: Foul Ball, location: 2F 0-2: Ball 1-2: Ball 2-2: Foul Ball, location: 2F 2-2: Foul Ball, location: 2F 2-2: Foul Ball, location: 2F 2-2: Ball 3-2: Foul Ball, location: 2F 3-2: Base on Balls Benito Santiago to second
|
|
Batting: LHB Alex Castaneda
|
0-0: Ball 1-0: Called Strike 1-1: Reached on error, E6 (Groundball, 6MS, EV 68.8 MPH) Benito Santiago to third John Randolph to second
|
|
Batting: LHB Nellie DeLaRosa
|
0-0: Fly out, F3 (Flyball, 3D, EV 88.1 MPH)
|
|
Batting: RHB Nelson Ybarra
|
0-0: GRAND SLAM HOME RUN (Flyball, 7D, EV 95.0 MPH), Distance : 355 ft
|
|
Batting: RHB John Hotchkiss
|
0-0: Ball 1-0: Fly out, F9 (Flyball, 9, EV 85.0 MPH)
|
|
Batting: RHB Andres Thomas
|
0-0: Swinging Strike 0-1: Ball 1-1: Swinging Strike 1-2: Foul Ball, location: 2F 1-2: Ground out 6-3 (Groundball, 56, EV 84.4 MPH)
|
| Bottom of the 2nd over - 4 runs, 1 hit, 2 errors, 0 left on base; Dunedin 0 - Tampa 5 |
| TOP OF THE 3RD |
|
Dunedin Rangers batting - Pitching for Tampa Twisters : RHP Jeffrey Parks
|
|
Batting: RHB Mike Taylor
|
0-0: Called Strike 0-1: Ball 1-1: Ball 2-1: Fly out, F6 (Popup, 6MD, EV 53.1 MPH)
|
|
Batting: RHB Gary Thurman
|
0-0: Fly out, F8 (Flyball, 78D, EV 98.8 MPH)
|
|
Batting: RHB Ron Gant
|
0-0: Swinging Strike 0-1: Ball 1-1: Ball 2-1: Fly out, F4 (Popup, 4MD, EV 55.0 MPH)
|
| Top of the 3rd over - 0 runs, 0 hits, 0 errors, 0 left on base; Dunedin 0 - Tampa 5 |
| BOTTOM OF THE 3RD |
|
Tampa Twisters batting - Pitching for Dunedin Rangers : LHP Tom Epple
|
|
Batting: RHB Basil Tennell
|
0-0: Foul Ball, location: 2F 0-1: Foul Ball, location: 2F 0-2: Ball 1-2: Fly out, F9 (Flyball, 89S, EV 88.8 MPH)
|
|
Batting: LHB Jose Tolentino
|
0-0: Swinging Strike 0-1: Swinging Strike 0-2: Ball 1-2: Fly out, F8 (Flyball, 8RXD, EV 100.6 MPH)
|
|
Batting: RHB Benito Santiago
|
0-0: DOUBLE (Flyball, 89XD, EV 107.5 MPH)
|
|
Batting: LHB John Randolph
|
0-0: Ground out 4-3 (Groundball, 4, EV 88.8 MPH)
|
| Bottom of the 3rd over - 0 runs, 1 hit, 0 errors, 1 left on base; Dunedin 0 - Tampa 5 |
| TOP OF THE 4TH |
|
Dunedin Rangers batting - Pitching for Tampa Twisters : RHP Jeffrey Parks
|
|
Batting: RHB Jacob Brumfield
|
0-0: Ball 1-0: Foul Ball, location: 2F 1-1: Foul Ball, location: 2F 1-2: Ball 2-2: Foul Ball, location: 2F 2-2: Ground out 6-3 (Groundball, 6, EV 88.1 MPH)
|
|
Batting: LHB Mike L Hart
|
0-0: Ball 1-0: Ball 2-0: Called Strike 2-1: Ground out 6-3 (Groundball, 6, EV 106.9 MPH)
|
|
Batting: LHB David Thielker
|
0-0: SINGLE (Line Drive, 7LS, EV 92.5 MPH)
|
|
Batting: RHB Glenn Wilson
|
0-0: Ball 1-0: Called Strike 1-1: Ball 2-1: Ball 3-1: SINGLE (Line Drive, 9S, EV 108.1 MPH) David Thielker to second
|
|
Batting: LHB Ty Van Burkleo
|
0-0: Ball 1-0: Swinging Strike 1-1: Ball 2-1: Called Strike 2-2: Foul Ball, location: 2F 2-2: Ground out 5-3 (Groundball, 56S, EV 89.4 MPH)
|
| Top of the 4th over - 0 runs, 2 hits, 0 errors, 2 left on base; Dunedin 0 - Tampa 5 |
| BOTTOM OF THE 4TH |
|
Tampa Twisters batting - Pitching for Dunedin Rangers : LHP Tom Epple
|
|
Batting: LHB Alex Castaneda
|
0-0: Fly out, F7 (Flyball, 78M, EV 89.4 MPH)
|
|
Batting: LHB Nellie DeLaRosa
|
0-0: Called Strike 0-1: Ground out 6-3 (Groundball, 6, EV 76.3 MPH)
|
|
Batting: RHB Nelson Ybarra
|
0-0: Called Strike 0-1: Fly out, F6 (Line Drive, 6, EV 70.0 MPH)
|
| Bottom of the 4th over - 0 runs, 0 hits, 0 errors, 0 left on base; Dunedin 0 - Tampa 5 |
| TOP OF THE 5TH |
|
Dunedin Rangers batting - Pitching for Tampa Twisters : RHP Jeffrey Parks
|
|
Batting: RHB Edgar Martinez
|
0-0: Called Strike 0-1: Foul Ball, location: 2F 0-2: Ball 1-2: Strikes out swinging
|
|
Batting: RHB Mike Taylor
|
0-0: Fly out, F8 (Line Drive, 8RM, EV 89.4 MPH)
|
|
Batting: RHB Gary Thurman
|
0-0: Called Strike 0-1: Ground out 6-3 (Groundball, 6, EV 104.4 MPH)
|
| Top of the 5th over - 0 runs, 0 hits, 0 errors, 0 left on base; Dunedin 0 - Tampa 5 |
| BOTTOM OF THE 5TH |
|
Tampa Twisters batting - Pitching for Dunedin Rangers : LHP Tom Epple
|
|
Batting: RHB John Hotchkiss
|
0-0: Ball 1-0: Ball 2-0: Ball 3-0: Called Strike 3-1: Base on Balls
|
|
Batting: RHB Andres Thomas
|
0-0: Fly out, F4 (Flyball, 34D, EV 90.6 MPH)
|
|
Batting: RHB Basil Tennell
|
0-0: Called Strike 0-1: Foul Ball, location: 2F 0-2: Ball 1-2: Reached on error, E5 (Groundball, 56S, EV 68.1 MPH) John Hotchkiss to third
|
|
Batting: LHB Jose Tolentino
|
0-0: Ground out 4-3 (Groundball, 34, EV 87.5 MPH) John Hotchkiss scores Basil Tennell to third
|
|
Batting: RHB Benito Santiago
|
0-0: Called Strike 0-1: Ball 1-1: Called Strike 1-2: Ball 2-2: Strikes out swinging
|
| Bottom of the 5th over - 1 run, 0 hits, 1 error, 1 left on base; Dunedin 0 - Tampa 6 |
| TOP OF THE 6TH |
|
Dunedin Rangers batting - Pitching for Tampa Twisters : RHP Jeffrey Parks
|
|
Batting: RHB Ron Gant
|
0-0: Foul Ball, location: 2F 0-1: Called Strike 0-2: SINGLE (Flyball, 4MD, EV 93.1 MPH)
|
|
Batting: RHB Jacob Brumfield
|
0-0: Ball 1-0: Foul Ball, location: 2F 1-1: Ball 2-1: Fielders Choice at 2nd, 3-6 (Groundball, 3, EV 88.1 MPH)
|
|
Batting: LHB Mike L Hart
|
0-0: Swinging Strike 0-1: Foul Ball, location: 2F 0-2: Strikes out looking
|
|
Batting: LHB David Thielker
|
0-0: Ball 1-0: Called Strike 1-1: Ball 2-1: Ground out 4-3 (Groundball, 34, EV 83.8 MPH)
|
| Top of the 6th over - 0 runs, 1 hit, 0 errors, 1 left on base; Dunedin 0 - Tampa 6 |
| BOTTOM OF THE 6TH |
|
Tampa Twisters batting - Pitching for Dunedin Rangers : LHP Tom Epple
|
|
Batting: LHB John Randolph
|
0-0: Fly out, F5 (Popup, 25, EV 91.9 MPH)
|
|
Batting: LHB Alex Castaneda
|
0-0: Called Strike 0-1: Ball 1-1: Fly out, F8 (Flyball, 8RD, EV 87.5 MPH)
|
|
Batting: LHB Nellie DeLaRosa
|
0-0: Ball 1-0: Called Strike 1-1: Swinging Strike 1-2: Strikes out looking
|
| Bottom of the 6th over - 0 runs, 0 hits, 0 errors, 0 left on base; Dunedin 0 - Tampa 6 |
| TOP OF THE 7TH |
|
Dunedin Rangers batting - Pitching for Tampa Twisters : RHP Jeffrey Parks
|
|
Batting: RHB Glenn Wilson
|
0-0: SINGLE (Line Drive, 56D, EV 98.1 MPH)
|
|
Batting: LHB Ty Van Burkleo
|
0-0: Ball 1-0: Called Strike 1-1: Foul Ball, location: 2F 1-2: Ball 2-2: Strikes out looking
|
|
Batting: RHB Edgar Martinez
|
0-0: Foul Ball, location: 2F 0-1: Fly out, F9 (Line Drive, 9, EV 98.1 MPH)
|
|
Batting: RHB Mike Taylor
|
0-0: Ball 1-0: Ball 2-0: Ball 3-0: Called Strike 3-1: Foul Ball, location: 2F 3-2: Strikes out looking
|
| Top of the 7th over - 0 runs, 1 hit, 0 errors, 1 left on base; Dunedin 0 - Tampa 6 |
| BOTTOM OF THE 7TH |
|
Tampa Twisters batting - Pitching for Dunedin Rangers : LHP Tom Epple
|
|
Pitching: RHP Troy Chestnut
|
|
|
Batting: RHB Nelson Ybarra
|
0-0: SINGLE (Flyball, 4MD, EV 91.9 MPH)
|
|
Batting: RHB John Hotchkiss
|
0-0: Ball 1-0: Foul Ball, location: 2F 1-1: Foul Ball, location: 2F 1-2: Strikes out looking
|
|
Batting: RHB Andres Thomas
|
0-0: Ball 1-0: Foul Ball, location: 2F 1-1: Foul Ball, location: 2F 1-2: Ball 2-2: Ball 3-2: Fly out, F8 (Flyball, 8LS, EV 92.5 MPH)
|
|
Batting: RHB Basil Tennell
|
0-0: Called Strike 0-1: Ball 1-1: Called Strike 1-2: Ball 2-2: Fielders Choice at 2nd, 5-4 (Groundball, 5, EV 91.3 MPH)
|
| Bottom of the 7th over - 0 runs, 1 hit, 0 errors, 1 left on base; Dunedin 0 - Tampa 6 |
| TOP OF THE 8TH |
|
Dunedin Rangers batting - Pitching for Tampa Twisters : RHP Jeffrey Parks
|
|
Batting: RHB Gary Thurman
|
0-0: Foul Ball, location: 2F 0-1: Ball 1-1: Ball 2-1: Fly out, F6 (Flyball, 6MD, EV 84.4 MPH)
|
|
Batting: RHB Ron Gant
|
0-0: Ball 1-0: Ball 2-0: Foul Ball, location: 2F 2-1: Foul Ball, location: 2F 2-2: Ground out 6-3 (Groundball, 6, EV 103.8 MPH)
|
|
Batting: RHB Jacob Brumfield
|
0-0: Ball 1-0: Foul Ball, location: 2F 1-1: Fly out, F5 (Line Drive, 5, EV 67.5 MPH)
|
| Top of the 8th over - 0 runs, 0 hits, 0 errors, 0 left on base; Dunedin 0 - Tampa 6 |
| BOTTOM OF THE 8TH |
|
Tampa Twisters batting - Pitching for Dunedin Rangers : RHP Troy Chestnut
|
|
Batting: LHB Jose Tolentino
|
0-0: Ball 1-0: Ball 2-0: Foul Ball, location: 2F 2-1: Ball 3-1: Base on Balls
|
|
Batting: RHB Benito Santiago
|
0-0: Called Strike 0-1: Ball 1-1: Foul Ball, location: 2F 1-2: Ball 2-2: Strikes out swinging
|
|
Batting: LHB John Randolph
|
0-0: Fly out, F9 (Line Drive, 9D, EV 91.3 MPH)
|
|
Batting: LHB Alex Castaneda
|
0-0: Called Strike 0-1: Ball 1-1: Ball 2-1: Foul Ball, location: 2F 2-2: Foul Ball, location: 2F 2-2: Foul Ball, location: 2F 2-2: Ball 3-2: Base on Balls Jose Tolentino to second
|
|
Batting: LHB Nellie DeLaRosa
|
0-0: Called Strike 0-1: Ball 1-1: Foul Ball, location: 2F 1-2: Ground out U3 (Groundball, 3L, EV 100.6 MPH)
|
| Bottom of the 8th over - 0 runs, 0 hits, 0 errors, 2 left on base; Dunedin 0 - Tampa 6 |
| TOP OF THE 9TH |
|
Dunedin Rangers batting - Pitching for Tampa Twisters : RHP Jeffrey Parks
|
|
Pitching: LHP Virgin Conley
|
|
|
Batting: LHB Mike L Hart
|
0-0: Ball 1-0: Ball 2-0: Fly out, F5 (Popup, 5SF, EV 66.9 MPH)
|
|
Batting: LHB David Thielker
|
0-0: Called Strike 0-1: Ball 1-1: Ball 2-1: Ball 3-1: Base on Balls
|
|
Batting: RHB Glenn Wilson
|
0-0: Swinging Strike 0-1: Swinging Strike 0-2: Ball 1-2: Foul Ball, location: 2F 1-2: Strikes out looking
|
|
Batting: LHB Ty Van Burkleo
|
0-0: Ball 1-0: Swinging Strike 1-1: Ball 2-1: Ball 3-1: Foul Ball, location: 2F 3-2: Fly out, F9 (Flyball, 9LD, EV 96.3 MPH)
|
| Top of the 9th over - 0 runs, 0 hits, 0 errors, 1 left on base; Dunedin 0 - Tampa 6 |
|